 Dungeon Crawl Stone Soup version 0.31.0-11-ge490571c62 (webtiles) character file.

Game seed: 18139821236451994883

32530 browni3141 the Severer (level 13, -13/117 HPs)
             Began as a Minotaur Fighter on Jan 29, 2024.
             Was a High Priest of Okawaru.
             Mangled by a salamander tyrant (23 damage)
             ... on level 3 of the Snake Pit.
             The game lasted 00:10:07 (15456 turns).

browni3141 the Severer (Minotaur Fighter)          Turns: 15456, Time: 00:10:08

Health: -13/117    AC: 19    Str: 25    XL:     13   Next: 31%
Magic:  15/17      EV: 13    Int:  8    God:    Okawaru [*****.]
Gold:   660        SH:  9    Dex: 17    Spells: 12/12 levels left

rFire   . . .        V - +5 broad axe (vamp)
rCold   . . .        c - +0 buckler
rNeg    . . .        Q - +0 scale mail of the Quiescent Wumpus {rPois}
rPois   +            U - +0 hat of Okawaru's Respect {rElec Will+ Int+3}
rElec   +            K - +0 cloak
rCorr   .            (no gloves)
SInv    .            p - +1 pair of boots
Will    +....        (no amulet)
Stlth   ++           m - +4 ring of protection
HPRegen 0.39/turn    R - +6 ring of dexterity
MPRegen 0.15/turn

%: no passive effects
@: lethally poisoned (-13 -> -16), heroic, weakened
A: horns 2, retaliatory headbutt
a: Renounce Religion, Heroism, Finesse, Duel


You were on level 3 of the Snake Pit.
You worshipped Okawaru.
Okawaru was extremely pleased with you.
You visited 4 branches of the dungeon, and saw 17 of its levels.
You also visited: Sewer and Volcano.

You collected 794 gold pieces.
You spent 134 gold pieces at shops.

Inventory:

Hand Weapons
 a - a +0 war axe
 V - a +5 vampiric broad axe (weapon)
Missiles
 u - 3 atropa-tipped darts
 x - 15 boomerangs (quivered)
 I - a throwing net
 P - 9 javelins
 S - 4 silver javelins
Armour
 b - a +0 scale mail
 c - a +0 buckler (worn)
 p - a +1 pair of boots (worn)
 F - a +0 chain mail
 K - a +0 cloak (worn)
 N - a +0 plate armour
 O - a +4 plate armour of fire resistance
 Q - the +0 scale mail of the Quiescent Wumpus (worn) {rPois}
   (You found it on level 1 of the Snake Pit)

   rPois:     It protects you from poison
 U - the +0 hat of Okawaru's Respect (worn) {rElec Will+ Int+3}
   (Okawaru gifted it to you on level 2 of the Lair of Beasts)

   Int+3:     It affects your intelligence (+3).
   rElec:     It insulates you from electricity.
   Will+:     It increases your willpower.
Jewellery
 m - a +4 ring of protection (left hand)
 r - the ring of Huot Liro {Fly rElec MP+9 Int+4}
   (You acquired it on level 2 of the Lair of Beasts)

   [ring of flight]

   Int+4:     It affects your intelligence (+4).
   rElec:     It insulates you from electricity.
   MP+9:      It affects your magic capacity (+9).
   Fly:       It grants you flight.
 G - a ring of fire
 R - a +6 ring of dexterity (right hand)
Wands
 q - a wand of quicksilver (22)
 L - a wand of polymorph (4)
 M - a wand of flame (6)
 T - a wand of paralysis (7)
Scrolls
 e - 5 scrolls of teleportation
 n - 5 scrolls of fog
 o - 2 scrolls of revelation
 s - 2 scrolls of fear
 t - 5 scrolls of noise
 v - a scroll of poison
 y - a scroll of blinking
 C - 9 scrolls of immolation
 E - 2 scrolls of enchant armour
 H - 3 scrolls of vulnerability
 J - a scroll of brand weapon
Potions
 d - 2 potions of might
 f - 4 potions of degeneration
 g - 4 potions of mutation
 h - 2 potions of resistance
 i - 7 potions of curing
 j - 5 potions of magic
 k - 5 potions of cancellation
 l - 2 potions of attraction
 w - 3 potions of haste
 z - a potion of heal wounds
 A - 2 potions of lignification
 B - 2 potions of invisibility {unknown}
 D - 3 potions of enlightenment


   Skills:
 + Level 11.7(16.7) Fighting
 * Level 15.3(20.3) Axes
 + Level 6.9(11.9) Throwing
 + Level 11.6(16.6) Armour
 + Level 11.5(16.5) Shields
 + Level 6.7 Invocations
 - Level 4.0 Evocations


You had 12 spell levels left.
You didn't know any spells.
Your spell library contained the following spells:

 Spells                   Type           Power      Damage    Failure   Level
 Magic Dart               Conj           0%         1d3       63%         1
 Sandblast                Erth           0%         2d4       63%         1
 Sting                    Conj/Alch      0%         1d3       63%         1
 Blink                    Tloc           0%         N/A       77%         2
 Cigotuvi's Dreadful Rot  Necr/Alch/Air  0%         N/A       77%         2
 Lesser Beckoning         Tloc           0%         N/A       77%         2
 Mercury Vapours          Alch/Air       0%         N/A       77%         2
 Momentum Strike          Conj/Tloc      0%         3d8       77%         2
 Searing Ray              Conj           0%         2d4       77%         2
 Sublimation of Blood     Necr           0%         N/A       77%         2
 Frozen Ramparts          Ice            0%         1d1       94%         3
 Inner Flame              Hex/Fire       0%         N/A       94%         3
 Ozocubu's Armour         Ice            0%         N/A       94%         3
 Passwall                 Erth           0%         N/A       94%         3
 Stone Arrow              Conj/Erth      0%         3d7       94%         3
 Brom's Barrelling Bould  Conj/Erth      0%         2d3       100%        4
 Cause Fear               Hex            0%         N/A       100%        4
 Dimensional Bullseye     Hex/Tloc       0%         N/A       100%        4
 Fulminant Prism          Conj/Alch      0%         3d5       100%        4
 Ignite Poison            Fire/Alch      0%         N/A       100%        4
 Leda's Liquefaction      Alch/Erth      0%         N/A       100%        4
 Olgreb's Toxic Radiance  Alch           0%         N/A       100%        4
 Passage of Golubria      Tloc           0%         N/A       100%        4
 Petrify                  Alch/Erth      0%         N/A       100%        4
 Fireball                 Conj/Fire      0%         3d3       100%        5
 Freezing Cloud           Conj/Ice/Air   0%         6-21      100%        5
 Irradiate                Conj/Alch      0%         3d11      100%        5
 Iskenderun's Battlesphe  Conj           0%         2d6       100%        5
 Metabolic Englaciation   Hex/Ice        0%         N/A       100%        5
 Yara's Violent Unravell  Hex/Alch       0%         3d3       100%        5
 Bombard                  Conj/Erth      0%         9d1       100%        6
 Disjunction              Tloc           0%         N/A       100%        8
 Ignition                 Fire           0%         3d3       100%        8
 Call Imp                 Summ           Unusable   N/A       N/A         2
 Summon Ice Beast         Ice/Summ       Unusable   N/A       N/A         3
 Tukima's Dance           Hex            Unusable   N/A       N/A         3
 Summon Mana Viper        Hex/Summ       Unusable   N/A       N/A         5
 Sculpt Simulacrum        Ice/Alch       Unusable   N/A       N/A         6
 Monstrous Menagerie      Summ           Unusable   N/A       N/A         7
 Spellforged Servitor     Conj/Summ      Unusable   N/A       N/A         7
 Summon Hydra             Summ           Unusable   N/A       N/A         7
 Dragon's Call            Summ           Unusable   N/A       N/A         9

Dungeon Overview and Level Annotations

Branches:
Dungeon (10/15)            Temple (1/1) D:5            Lair (3/5) D:8
 Shoals (0/4) Lair:3        Snake (3/4) Lair:3          Orc (0/2) D:10
  Sewer (visited)         Volcano (visited)

Altars:
Ashenzari
Cheibriados
Dithmenos
Elyvilon
Fedhas
Gozag
Hepliaklqana
Kikubaaqudgha
Makhleb
Nemelex Xobeh
Okawaru
Qazlal
Ru
Sif Muna
Trog
Uskayaw
Vehumet
Wu Jian
Xom
Yredelemnul
Zin
The Shining One

Shops:
D:4 *   D:8 (

Annotations:
Snake:1 2 transporters, Nys Cevy's ghost, adept TrFi


Innate Abilities, Weirdness & Mutations

You have a pair of horns on your head.
You reflexively headbutt those who attack you in melee.


Message History

You slash the black mamba!
The black mamba is almost dead.
The black mamba bites you but does no damage.
You slice the black mamba!!
You kill the black mamba!
Okawaru accepts your kill.
No target in view!
Found a stone staircase leading down.
A naga comes into view. It is wielding a +0 hand axe.
You see here a potion of cancellation.
A naga is nearby!
k - 5 potions of cancellation (gained 1)
The naga shouts!
A black mamba comes into view.
The black mamba hisses angrily.
The naga spits poison at you. The splash of poison hits you. You resist.
You hit the black mamba.
The black mamba is lightly wounded.
The black mamba barely misses you.
You barely miss the black mamba.
The black mamba is lightly wounded.
The black mamba bites you.
You hit the black mamba. Your headbutt misses the black mamba.
The black mamba is moderately wounded.
You closely miss the naga. You block the black mamba's attack.
The black mamba bites you but does no damage.
The naga spits poison at you. The splash of poison misses you.
You completely miss the black mamba.
The black mamba is moderately wounded.
You closely miss the naga.
The black mamba bites you but does no damage.
You completely miss the black mamba.
The black mamba is moderately wounded.
You hit the naga. The black mamba bites you.
The naga hits you with a +0 hand axe! The naga grabs you.
The naga constricts you. The black mamba closely misses you.
You furiously retaliate!
You headbutt the black mamba! You slice the naga!!
The naga is almost dead.
You slash the black mamba!
You feel better. The black mamba completely misses you.
The naga hits you with a +0 hand axe! The naga constricts you.
You slash the naga!
You kill the naga!
Okawaru accepts your kill.
You slash the black mamba!
You feel better.
The black mamba bites you but does no damage.
The black mamba bites you. The black mamba barely misses you.
There is a stone staircase leading down, spattered with blood here.
Things that are here:
a +0 hand axe; a naga corpse You slash the black mamba!
You feel better.
You kill the black mamba!
Okawaru accepts your kill.
No target in view!
There is a stone staircase leading down, spattered with blood here.
Things that are here:
a +0 hand axe; a naga corpse You climb downwards.
The naga shouts!
There is a stone staircase leading up here.
The salamander tyrant gazes fiercely through you!
You feel your attacks grow feeble. The naga spits poison at you.
The splash of poison hits you.
You are poisoned.
You resist.
The salamander hits you with a +2 heavy glaive!!
You are engulfed in flames!
You gain the combat prowess of a mighty hero.
You feel very sick. The salamander misses you.
The naga hits you from afar with a +0 trident.
You slice the salamander!!
You feel better.
The salamander is moderately wounded.
You slice the salamander tyrant!!
You feel sick.
The salamander hits you but does no damage.
You slice the salamander!!
The salamander is severely wounded.
You hit the salamander tyrant.
You feel sick. The salamander misses you. You block the naga's attack.
The salamander hits you from afar with a +0 trident.
You are engulfed in flames!
You hit the salamander.
You headbutt the salamander, but do no damage.
The salamander is severely wounded.
You slash the salamander tyrant!
You feel sick. The salamander tyrant hits you.
You are engulfed in flames!!
You block the salamander's attack. You block the naga's attack.
The salamander hits you from afar with a +1 vampiric glaive.
You are engulfed in flames!
The salamander hits you but does no damage.
You hit the salamander but do no damage.
The salamander is severely wounded.
You hit the salamander tyrant but do no damage.
The salamander tyrant hits you!
You are engulfed in flames!!
You die...

###
###..########
#...........##
.........N...#
.....NNN....#
#N.@....#
##..<...#
#......#
#......#
#.....##
#.....#
#.....#
.......
........#


You could see a salamander tyrant, 3 salamanders and a naga (catching breath).

Vanquished Creatures
  Mlioglotl (Snake:1)
  The ghost of browni3141 the Cleaver, a journeyman MiFi of Okawaru (Lair:3)
  A fire dragon (Volcano)
  3 death yaks (Lair:2)
  Urug (Lair:1)
  2 sun demons (Volcano)
  A skyshark (Lair:1)
  A lindwurm (Lair:3)
  A cyclops (D:8)
  A salamander (Lair:3)
  9 black mambas
  5 cane toads
  2 smoke demons (Volcano)
  8 komodo dragons
  A kobold demonologist (D:10)
  A rime drake (Lair:3)
  2 trolls
  2 polar bears
  27 blink frogs
  4 wyverns
  24 yaks
  Grum (D:9)
  10 steam dragons
  A naga (Snake:2)
  An acid dragon (D:9)
  10 water moccasins
  3 orc warriors
  3 sky beasts (D:7)
  An ice beast (D:6)
  4 black bears
  2 ogres
  3 wolves (D:9)
  2 phantoms (D:5)
  5 centaurs
  2 brain worms
  2 kobold brigands
  Blork the orc (D:6)
  14 bullfrogs
  A gnoll sergeant (D:6)
  2 scorpions
  8 wights
  5 killer bees
  5 howler monkeys
  A bombardier beetle (D:4)
  3 hounds
  A jelly (D:5)
  2 orc priests
  Crazy Yiuf (D:6)
  2 iguanas (D:6)
  2 gnoll boudas
  Natasha (twice) (D:3)
  9 orc wizards
  11 gnolls
  10 adders
  3 river rats (Sewer)
  A shadow imp (D:8)
  3 ribbon worms
  4 dart slugs
  28 orcs
  6 bats (Sewer)
  8 endoplasms
  2 giant cockroaches (D:4)
  8 hobgoblins
  11 jackals
  24 kobolds
  8 quokkas
  14 ball pythons
  4 frilled lizards
  8 goblins
  10 rats
370 creatures vanquished.

Vanquished Creatures (others)
  An orc wizard (D:10)
1 creature vanquished.

Grand Total: 371 creatures vanquished

Notes
Turn   | Place    | Note
-------+----------+-------------------------------------------
     0 | D:1      | browni3141 the Minotaur Fighter began the quest for the
                  | Orb.
     0 | D:1      | Reached XP level 1. HP: 19/19 MP: 0/0
   143 | D:1      | Reached XP level 2. HP: 27/27 MP: 1/1
   361 | D:1      | Reached skill level 3 in Axes
   832 | D:1      | Reached XP level 3. HP: 29/33 MP: 2/2
  1623 | D:2      | Reached XP level 4. HP: 40/40 MP: 3/3
  1714 | D:2      | Found a hazy altar of Hepliaklqana.
  2043 | D:3      | Reached skill level 4 in Axes
  2105 | D:3      | Found a faded altar of an unknown god.
  2138 | D:3      | Found a radiant altar of Vehumet.
  2244 | D:3      | Found a blossoming altar of Fedhas.
  2421 | D:3      | Noticed Natasha
  2429 | D:3      | Killed Natasha
  2430 | D:3      | Reached XP level 5. HP: 47/47 MP: 4/4
  2813 | D:3      | Noticed Natasha
  2823 | D:3      | Killed Natasha
  3008 | D:4      | Reached skill level 5 in Axes
  3064 | D:4      | Reached XP level 6. HP: 46/55 MP: 5/5
  3067 | D:4      | Reached skill level 5 in Armour
  3152 | D:4      | Found a snail-covered altar of Cheibriados.
  3158 | D:4      | Found a stormy altar of Qazlal.
  3224 | D:4      | Reached skill level 5 in Fighting
  3224 | D:4      | Reached skill level 5 in Shields
  3376 | D:4      | Found Poik's Assorted Antiques.
  3379 | D:4      | Bought 2 smoky orange potions for 50 gold pieces
  3379 | D:4      | Bought a scroll labelled EWOUMUKHOTZ for 28 gold pieces
  3379 | D:4      | Bought a scroll labelled QOMOOGRYAKA for 28 gold pieces
  3379 | D:4      | Bought a scroll labelled MOFEANELIDD for 28 gold pieces
  3792 | D:5      | Entered Level 5 of the Dungeon
  3823 | D:5      | Reached skill level 6 in Axes
  3862 | D:5      | Reached XP level 7. HP: 61/61 MP: 6/6
  3938 | D:5      | Found a staircase to the Ecumenical Temple.
  3967 | Temple   | Entered the Ecumenical Temple
  3975 | Temple   | Became a worshipper of Warmaster Okawaru
  4099 | D:5      | Reached skill level 7 in Axes
  4161 | D:5      | Identified the +0 leather armour of Watchfulness {rElec rF+
                  | Will- Dex+3}
  4343 | D:5      | Found a shimmering altar of Xom.
  4557 | D:6      | Reached * piety under Okawaru
  4558 | D:6      | Reached XP level 8. HP: 57/70 MP: 7/7
  4573 | D:6      | Noticed a troll
  4585 | D:6      | Killed a troll
  4586 | D:6      | Reached skill level 8 in Axes
  4650 | D:6      | Found a glowing drain.
  4672 | Sewer    | Entered a sewer
  5432 | D:6      | Noticed Blork the orc
  5446 | D:6      | Killed Blork the orc
  5447 | D:6      | Reached skill level 9 in Axes
  5502 | D:6      | Reached XP level 9. HP: 36/79 MP: 8/8
  5502 | D:6      | Reached ** piety under Okawaru
  5709 | D:6      | Found a sacrificial altar of Ru.
  6061 | D:6      | Found a runed translucent door.
  6062 | D:6      | Noticed Crazy Yiuf
  6068 | D:6      | Killed Crazy Yiuf
  6238 | D:7      | Reached skill level 10 in Axes
  6377 | D:7      | Found a burning altar of Makhleb.
  6683 | D:7      | Found a glowing silver altar of Zin.
  6683 | D:7      | Found a glowing golden altar of the Shining One.
  6877 | D:8      | Found Ruoch's Weapon Shoppe.
  6983 | D:8      | Reached *** piety under Okawaru
  7009 | D:8      | You fall into a shaft and drop 2 floors!
  7009 | D:10     | Entered Level 10 of the Dungeon
  7060 | D:10     | Found a staircase to the Orcish Mines.
  7080 | D:10     | Found an opulent altar of Gozag.
  7088 | D:10     | Reached skill level 1 in Invocations
  7095 | D:10     | Reached skill level 11 in Axes
  7096 | D:10     | Reached skill level 1 in Throwing
  7096 | D:10     | Reached skill level 1 in Evocations
  7096 | D:10     | Reached XP level 10. HP: 61/90 MP: 9/9
  7237 | D:10     | Found a basalt altar of Yredelemnul.
  7289 | D:10     | Found a white marble altar of Elyvilon.
  7554 | D:10     | Reached **** piety under Okawaru
  8003 | D:9      | Noticed Grum
  8013 | D:9      | Killed Grum
  8149 | D:8      | Found a staircase to the Lair.
  8171 | D:8      | Reached ***** piety under Okawaru
  8185 | D:8      | Received a gift from Okawaru
  8186 | D:8      | Reached skill level 12 in Axes
  8547 | D:8      | Noticed a cyclops
  8554 | D:8      | Killed a cyclops
  8820 | D:9      | Reached XP level 11. HP: 78/97 MP: 12/12
  9778 | Lair:1   | Entered Level 1 of the Lair of Beasts
  9780 | Lair:1   | Noticed a skyshark
  9796 | Lair:1   | Killed a skyshark
  9857 | Lair:1   | Found a dark tunnel.
 10002 | Lair:1   | Received a gift from Okawaru
 10086 | Volcano  | Entered a volcano
 10184 | Volcano  | Noticed a sun demon
 10198 | Volcano  | HP: 2/99 [smoke demon/divine providence (13)]
 10199 | Volcano  | Killed a sun demon
 10200 | Volcano  | Reached skill level 13 in Axes
 10203 | Volcano  | Reached skill level 10 in Fighting
 10203 | Volcano  | Reached skill level 10 in Armour
 10204 | Volcano  | HP: 2/99 [burnt (5)]
 10540 | Volcano  | Noticed a sun demon
 10551 | Volcano  | Killed a sun demon
 10614 | Volcano  | Noticed a fire dragon
 10629 | Volcano  | Killed a fire dragon
 10630 | Volcano  | Reached skill level 10 in Shields
 11284 | Lair:1   | Noticed Urug
 11303 | Lair:1   | Killed Urug
 11303 | Lair:1   | Received a gift from Okawaru
 11304 | Lair:1   | Reached skill level 5 in Throwing
 11304 | Lair:1   | Reached XP level 12. HP: 48/106 MP: 12/14
 11523 | Lair:1   | You fall into a shaft and drop 1 floor!
 11540 | Lair:2   | Reached skill level 5 in Invocations
 12486 | Lair:2   | Received a gift from Okawaru
 12500 | Lair:2   | Reached skill level 14 in Axes
 12998 | Lair:2   | Reached ****** piety under Okawaru
 12999 | Lair:2   | Acquired the +0 hat of Okawaru's Respect {rElec Will+
                  | Int+3}
 12999 | Lair:2   | Received a gift from Okawaru
 13006 | Lair:2   | Acquired a +2 vampiric broad axe
 13006 | Lair:2   | Received a gift from Okawaru
 13008 | Lair:2   | Identified a scroll of acquirement
 13011 | Lair:2   | Acquired the ring of Huot Liro {Fly rElec MP+9 Int+4}
 13106 | Lair:2   | Found a shimmering altar of Xom.
 13161 | Lair:2   | Noticed a death yak
 13161 | Lair:2   | Noticed a death yak
 13162 | Lair:2   | Noticed a death yak
 13174 | Lair:2   | Killed a death yak
 13174 | Lair:2   | Received a gift from Okawaru
 13177 | Lair:2   | Killed a death yak
 13180 | Lair:2   | Killed a death yak
 13559 | Lair:3   | Found a staircase to the Snake Pit.
 13996 | Lair:3   | Reached XP level 13. HP: 100/116 MP: 16/16
 14044 | Lair:3   | Found a runed translucent door.
 14044 | Lair:3   | Noticed browni3141's ghost (journeyman MiFi)
 14059 | Lair:3   | Found a staircase to the Shoals.
 14066 | Lair:3   | Received a gift from Okawaru
 14118 | Lair:3   | Reached skill level 15 in Axes
 14705 | Lair:3   | Killed browni3141's ghost
 14890 | Snake:1  | Entered Level 1 of the Snake Pit
 14890 | Snake:1  | Noticed Mlioglotl
 14893 | Snake:1  | Noticed a green very ugly thing
 14998 | Snake:1  | Noticed a reaper
 15003 | Snake:1  | Killed Mlioglotl
 15045 | Snake:1  | Identified the +0 scale mail of the Quiescent Wumpus
                  | {rPois}
 15269 | Snake:1  | Noticed Nys Cevy's ghost (adept TrFi)
 15271 | Snake:1  | Found a transporter.
 15275 | Snake:1  | Found a transporter.
 15276 | Snake:1  | Found a bloodstained altar of Trog.
 15277 | Snake:1  | Got the Opusculum on Transposition
 15456 | Snake:3  | Mangled by a salamander tyrant

Illustrated notes

Levels and vault maps discovered:
D:1:      dpeg_arrival_ratfight, layout_basic, minmay_indecisive_spiral
D:2:      layout_basic, basic_altar, hangedman_decor_peaks_small,
          minmay_shallow_snake_nest
D:3:      layout_basic, fedhas_altar_4, mainiacjoe_overflow_cross_hatched,
          shapermc_ecumenical_altar_gd, grunt_ministairs_11, uniq_natasha
D:4:      layout_cave_pods, minitemple, serial_glass, glass_columns_a,
          glass_columns_b, glass_columns_c, glass_columns_c, glass_columns_c,
          glass_columns_a, serial_shops, nicolae_shop_behind_doors
D:5:      layout_rooms, xom_butterflies, minmay_temple_entry_offerings
D:6:      layout_rooms, mainiacjoe_overflow_alcove_1,
          mainiacjoe_sewer_entry_somewhere_in_here_2, uniq_blork_the_orc,
          uniq_crazy_yiuf_cottage
D:7:      layout_rooms, nicolae_overflow_two_pavilions,
          overflow_temple_1_default
D:8:      layout_loops_ring, due_lair_maze_entry_diamond, serial_shops,
          nicolae_shop_hallway_stairs
D:9:      layout_long_grid, chequers_jeans, minmay_liquid_box, uniq_grum
D:10:     layout_gridville, kennysheep_ying_yang, old_standard_altar,
          orc_0_dummy, nicolae_shop_sticking_my_neck_out
Temple:   dpeg_chambers_temple
Lair:1:   layout_small_grid, enter_volcano_1, lemuel_fruit_fields, uniq_urug
Lair:2:   layout_small_grid, basic_altar, chequers_serial_rivers_large_b
Lair:3:   layout_concentric_octagons, shoals_dummy_entry,
          alex1729_snake_entry_snake, hellmonk_ghost_happy_afterlife
Snake:1:  nicolae_snake_unarmed_stairs_patrol, layout_gridlike, serial_shops,
          shop, gammafunk_ghost_wrathful_warriors, minmay_shoptagon,
          uniq_mlioglotl
Snake:2:  layout_chambers, basic_altar, minmay_shop_star
Snake:3:  gammafunk_sealed_library, layout_cave_town, ebering_ghost_xom

Skill      XL: |  1  2  3  4  5  6  7  8  9 10 11 12 13 |
---------------+----------------------------------------+-----
Axes           | 3 4 5 6 7 9 11 12 13 14 15 | 15.3
Armour         | 4 5 6 7 8 9 10 11 | 11.6
Fighting       | 4 5 6 7 8 9 10 11 | 11.7
Shields        | 4 5 6 7 8 9 10 11 | 11.5
Invocations    | 1 3 4 6 |  6.7
Throwing       | 1 3 5 6 |  6.9
Evocations     | 1 2 4 |  4.0

Action                     |  1- 3 |  4- 6 |  7- 9 | 10-12 | 13-15 || total
---------------------------+-------+-------+-------+-------+-------++-------
  Melee: War axe           |    92 |   128 |   288 |   469 |       ||   977
         Headbutt          |    14 |    17 |    40 |   118 |    25 ||   214
         Broad axe         |       |       |       |    78 |    90 ||   168
  Throw: Boomerang         |       |       |       |    33 |       ||    33
         Javelin           |       |       |       |     2 |       ||     2
 Invoke: Heroism           |       |       |     3 |     8 |     2 ||    13
         Receive Weapon    |       |       |       |     1 |       ||     1
         Receive Armour    |       |       |       |     1 |       ||     1
         Finesse           |       |       |       |       |     1 ||     1
    Use: Scroll            |       |       |    18 |     9 |       ||    27
         Potion            |       |       |     2 |     5 |       ||     7
 Armour: Scale mail        |    62 |   126 |    28 |       |    22 ||   238
         Chain mail        |       |       |   224 |   257 |       ||   481
         Plate armour      |       |       |       |   275 |    46 ||   321
  Dodge: Dodged            |    38 |    72 |   132 |   210 |    29 ||   481
  Block: Buckler           |    21 |    32 |    91 |   204 |    24 ||   372
